Map: Prion Terraces

Players

Miszu - Winner!

  • Race: Terran Terran
  • League: Master

Thorminator

  • Race: Zerg Zerg
  • League: Grandmaster

VOD

Have the link to the VOD?

Description

Time

  • Played on: April 4, 2016, 2:18 p.m.
  • Length: 11:18
Show
View Real Time Build Order
Export as new Build Order

Miszu Terran - Winner!

Build Orders: Reaper Expand, MMM Bio 

Get SALT Encoding   

  12  0:00  SCV  
  13  0:13  SCV  
  14  0:17  Supply Depot  
  14  0:25  SCV  
  15  0:39  SCV  
  15  0:40  Barracks  
  16  0:44  Refinery  
  16  0:51  SCV  
  17  1:03  SCV  
  18  1:15  SCV  
  19  1:28  Reaper, Orbital Command  
  20  1:39  Command Center  
  20  1:50  Supply Depot  
  20  1:53  SCV  
  21  1:57  Refinery  
  21  2:05  Barracks Reactor  
  21  2:09  SCV  
  22  2:22  SCV  
  23  2:31  Factory  
  23  2:34  SCV  
  24  2:43  Marine x2  
  26  2:46  SCV  
  27  2:51  Orbital Command  
  27  2:59  SCV  
  28  3:05  Marine  
  28  3:06  Marine  
  28  3:11  SCV  
  31  3:17  SCV  
  32  3:23  SCV  
  32  3:24  Starport, Factory Tech Lab  
  33  3:29  SCV  
  33  3:30  Bunker  
  33  3:34  Marine x2  
  35  3:35  SCV  
  35  3:36  Supply Depot  
  37  3:41  SCV  
  37  3:42  Supply Depot  
  37  3:47  SCV  
  39  3:51  Factory Tech Lab  
  39  3:53  SCV  
  40  3:59  SCV  
  40  4:05  SCV  
  41  4:11  SCV  
  41  4:12  Cloaking Field, Banshee  
  45  4:18  SCV  
  45  4:20  Command Center  
  45  4:23  SCV  
  47  4:30  SCV  
  48  4:33  Barracks  
  48  4:34  Siege Tank  
  48  4:35  Barracks, SCV  
  52  4:39  Refinery x2  
  52  4:42  SCV  
  53  4:47  SCV  
  54  4:54  SCV, Banshee  
  54  4:57  Marine x2  
  61  5:00  Engineering Bay x2, SCV  
  61  5:06  SCV  
  62  5:14  Factory Reactor  
  62  5:21  Barracks  
  62  5:22  Barracks  
  62  5:26  Barracks Tech Lab x2  
  62  5:31  Marine x2  
  62  5:32  SCV x2  
  62  5:35  Terran Infantry Weapons Level 1, Terran Infantry Armor Level 1  
  66  5:38  Orbital Command  
  66  5:44  SCV x2  
  66  5:49  Combat Shields  
  68  5:50  Marine, Stimpack  
  68  5:51  Marine  
  68  5:56  Starport Reactor, Marine x2, SCV x2  
  74  6:08  Marine, SCV x2  
  74  6:09  Supply Depot  
  74  6:10  Supply Depot  
  77  6:11  Supply Depot  
  77  6:12  Barracks Reactor x2  
  77  6:17  Armory  
  77  6:30  Marine x2, Widow Mine x2  
  77  6:31  Marine, SCV x2  
  86  6:35  Marine  
  86  6:36  Medivac  
  86  6:37  Medivac  
  91  6:41  Supply Depot  
  91  6:42  Supply Depot x2  
  91  6:43  SCV x2  
  91  6:44  Orbital Command  
  93  6:47  Missile Turret  
  93  6:48  Marine x2  
  93  6:49  Marine  
  93  6:52  Marine  
  97  6:55  SCV  
  97  6:57  Marine x2  
  97  6:58  Marine  
  101  7:06  Medivac  
  101  7:07  Refinery  
  101  7:08  Marine x2  
  104  7:09  Medivac  
  104  7:11  SCV x3  
  104  7:13  Marine x2  
  104  7:15  Widow Mine x2  
  109  7:17  Bunker  
  109  7:22  Supply Depot  
  113  7:23  SCV  
  113  7:24  Marine  
  113  7:28  Marine  
  113  7:29  SCV  
  117  7:30  SCV  
  117  7:32  Supply Depot  
  117  7:34  Supply Depot  
  117  7:35  Barracks, SCV  
  118  7:37  Barracks x2  
  118  7:39  Terran Infantry Weapons Level 2  
  118  7:40  Factory, Terran Infantry Armor Level 2  
  118  7:42  Marine  
  118  7:43  Marine  
  118  7:44  Marine  
  119  7:46  Marine  
  119  7:47  Marine x4  
  113  8:06  Marine  
  113  8:07  Marine x6, Marauder, Widow Mine  
  113  8:08  Hellion, Medivac  
  115  8:13  Medivac  
  115  8:23  Widow Mine  
  115  8:24  Marine  
  115  8:25  Marine x6, Barracks Tech Lab x2  
  124  8:27  Barracks Reactor  
  124  8:28  Marine, Widow Mine  
  127  8:36  Widow Mine  
  129  8:42  Marine  
  129  8:43  Marine, Marauder  
  129  8:44  Marauder  
  129  8:46  Marauder, Command Center  
  129  8:47  Missile Turret  
  137  8:50  Medivac x2  
  137  8:52  Thor  
  137  8:54  Marauder  
  149  8:58  Widow Mine  
  149  8:59  Marine x2  
  134  9:05  Marauder  
  134  9:07  Marine x6, Marauder x2  
  134  9:08  Widow Mine  
  148  9:15  Marine  
  148  9:17  Marine x2  
  138  9:23  SCV  
  141  9:25  Marine x5  
  141  9:26  Marine, Marauder  
  149  9:34  Marine  
  149  9:35  Marine x2, Widow Mine  
  149  9:37  Marine, Marauder, Widow Mine  
  148  9:42  Marine  
  148  9:43  Marine x4  
  148  9:44  Marine  
  148  9:53  Marine  
  148  9:57  Marine x2  
  148  9:58  Marine, Marauder x2  
  156  10:00  Marine, Widow Mine  
  156  10:01  Marine x4  
  163  10:16  Planetary Fortress  
  163  10:19  Marine  
  164  10:23  Orbital Command  
  164  10:26  Missile Turret  
  164  10:28  Marine x2  
  164  10:30  Marauder  
  164  10:31  Marauder x2  
Show
View Real Time Build Order
Export as new Build Order

Thorminator Zerg 

Build Orders: Hatch First, Muta Ling Bane 

Get SALT Encoding   

  12  0:00  Drone  
  13  0:13  Overlord  
  13  0:17  Drone  
  14  0:33  Drone x2  
  16  0:36  Drone  
  17  0:53  Hatchery  
  17  0:54  Drone  
  17  0:58  Drone  
  18  1:08  Extractor  
  17  1:12  Spawning Pool  
  17  1:15  Drone  
  17  1:19  Drone  
  18  1:28  Drone  
  19  1:40  Overlord  
  19  2:03  Queen  
  19  2:04  Zergling x4  
  19  2:05  Queen  
  19  2:06  Drone  
  26  2:09  Metabolic Boost  
  26  2:12  Drone  
  28  2:15  Drone  
  28  2:22  Drone  
  29  2:33  Drone  
  30  2:38  Overlord  
  30  2:39  Queen, Drone  
  30  2:44  Queen  
  33  2:47  Drone  
  33  2:51  Overlord  
  36  2:57  Drone  
  37  2:59  Drone  
  38  3:08  Drone  
  38  3:11  Drone x3  
  38  3:12  Drone  
  43  3:16  Extractor  
  43  3:19  Spore Crawler  
  41  3:27  Drone x2  
  41  3:28  Drone x2  
  41  3:29  Overlord  
  45  3:40  Drone x2  
  48  3:45  Hatchery  
  48  3:47  Baneling Nest  
  46  3:53  Overlord  
  46  3:54  Drone  
  47  4:00  Drone x6  
  52  4:07  Overlord x2  
  52  4:14  Extractor x2  
  52  4:15  Lair  
  50  4:20  Overlord  
  50  4:21  Zergling x2  
  51  4:24  Spore Crawler  
  51  4:25  Spore Crawler  
  49  4:32  Zergling x10  
  54  4:38  Drone  
  54  4:39  Drone  
  54  4:41  Drone x2  
  58  4:49  Drone  
  59  4:55  Zergling x4  
  59  4:58  Queen  
  59  4:59  Overlord  
  63  5:09  Drone  
  63  5:10  Overlord  
  63  5:11  Drone x3  
  63  5:12  Spore Crawler, Drone x4  
  70  5:16  Centrifical Hooks  
  70  5:19  Spire  
  69  5:23  Overseer  
  69  5:29  Overlord  
  69  5:31  Drone  
  69  5:32  Drone x4  
  74  5:43  Spore Crawler  
  74  5:44  Drone x2  
  74  5:45  Drone x3  
  74  5:48  Overlord  
  79  5:50  Drone x4  
  79  5:53  Extractor  
  79  5:55  Extractor  
  81  6:06  Overseer  
  81  6:08  Overlord  
  81  6:09  Drone x3  
  84  6:17  Drone x3  
  84  6:18  Drone x4  
  91  6:29  Drone x3  
  94  6:36  Mutalisk x7  
  94  6:38  Zerg Flyer Weapons Level 1  
  107  6:40  Evolution Chamber  
  107  6:41  Evolution Chamber  
  105  6:47  Hatchery  
  105  6:50  Overlord  
  105  6:51  Zergling x4  
  106  6:56  Overlord x2  
  106  7:07  Zerg Melee Weapons Level 1, Zerg Ground Armor Level 1  
  105  7:09  Overlord, Zergling x2  
  105  7:10  Zergling x8  
  109  7:30  Extractor  
  109  7:31  Mutalisk x3  
  109  7:32  Extractor, Zergling x2  
  109  7:33  Zergling x4  
  109  7:34  Infestation Pit, Baneling x14  
  115  7:40  Hatchery  
  114  7:44  Zergling x2, Baneling x2  
  114  7:45  Zergling x16  
  106  8:08  Zergling x4  
  106  8:09  Zergling x26  
  103  8:22  Mutalisk x3  
  103  8:24  Hive  
  103  8:26  Zergling x2  
  113  8:27  Zergling x6, Baneling  
  113  8:28  Baneling x12  
  113  8:35  Zerg Flyer Armor Level 1  
  113  8:36  Zergling x2  
  113  8:37  Zergling x20  
  113  8:40  Drone  
  125  8:46  Zergling x6  
  128  8:52  Baneling x2  
  111  9:03  Hatchery  
  111  9:05  Zergling x32  
  111  9:07  Baneling x9  
  111  9:09  Zergling x2  
  128  9:10  Zergling x2  
  119  9:18  Zergling x2  
  119  9:19  Zergling x8  
  123  9:24  Zergling x4  
  104  9:44  Baneling  
  104  9:45  Baneling x6, Mutalisk x4  
  102  9:46  Zergling x2  
  102  9:47  Zergling x22  
  120  9:55  Zergling x6  
  120  9:59  Overlord  
  123  10:04  Zergling x4, Ultralisk Cavern  
  123  10:05  Zergling x12  
  130  10:12  Overseer  
  130  10:13  Pneumatized Carapace, Overseer  
  130  10:15  Zergling x14  
  137  10:22  Baneling x5  
  122  10:36  Zergling x26  
  122  10:37  Zergling x2  
  122  10:41  Mutalisk x5  
Tags
 
Add a new tag
Caveats
  • Supply blocks, unpowered buildings, or Contaminate may cause inaccurate times.
  • Supply counts are checked every 10 seconds.